 Dungeon Crawl Stone Soup version 0.26-a0-808-g930a2b7adc (webtiles) character file.

Game seed: 407730156694516138

45 Morbidden the Insei (level 3, 0/26 HPs)
             Began as a Demonspawn Transmuter on Nov 12, 2020.
             Slain by a gnoll
             ... wielding a +0 flail
              (6 damage)
             ... on level 2 of the Dungeon.
             The game lasted 00:02:32 (1786 turns).

Morbidden the Insei (Demonspawn Transmuter)         Turns: 1786, Time: 00:02:33

Health: 0/26       AC:  5    Str: 10    XL:     3   Next: 42%
Magic:  6/6        EV: 12    Int: 15    God:
Gold:   115        SH:  0    Dex: 13    Spells: 3/6 levels left

rFire    + . .     SeeInvis .     - Unarmed
rCold    + . .     Faith    .   (no shield)
rNeg     . . .     Spirit   .   a - +0 robe
rPois    .         Reflect  .   (no helmet)
rElec    .         Harm     .   k - +2 cloak {rCorr}
rCorr    +         Rampage  .   (no gloves)
MR       .....                  (no boots)
Stlth    +.........             (no amulet)
HPRegen  0.08/turn              c - ring of resist corrosion
MPRegen  0.10/turn              d - ring of protection from fire

@: no status effects
A: talons 1, cold resistance 1
a: no special abilities


You were on level 2 of the Dungeon.
You visited 1 branch of the dungeon, and saw 2 of its levels.

You collected 115 gold pieces.

Inventory:

Missiles
 l - 2 javelins (quivered)
Armour
 a - a +0 robe (worn)
 k - a +2 cloak of preservation (worn)
Jewellery
 c - a ring of resist corrosion (left hand)
 d - a ring of protection from fire (right hand)
 e - a cursed ring of protection from fire
Wands
 h - a wand of paralysis (9)
Scrolls
 b - 2 scrolls of remove curse {unknown}
 f - 2 scrolls of fog {unknown}
 i - 2 scrolls of enchant weapon {unknown}
 j - 2 scrolls of immolation {unknown}


   Skills:
 * Level 1.4 Fighting
 + Level 1.9 Dodging
 + Level 3.2 Unarmed Combat
 * Level 2.3 Spellcasting
 * Level 2.4 Transmutations


You had 3 spell levels left.
You knew the following spells:

 Your Spells              Type           Power        Failure   Level
a - Beastly Appendage     Tmut           #.....       8%          1
b - Wereblood             Tmut           #.......     12%         2

Your spell library contained the following spells:

 Spells                   Type           Power        Failure   Level
 Spider Form              Tmut/Pois      #.........   36%         3
 Ice Form                 Ice/Tmut       #.......     78%         4
 Blade Hands              Tmut           #.........   91%         5


Dungeon Overview and Level Annotations

Branches:
Dungeon (2/15)

Altars:
Qazlal


Innate Abilities, Weirdness & Mutations

You have sharp toenails.
Your flesh is cold resistant. (rC+)


Message History

Throwing (i - inventory)
l - 4 javelins (quivered)
Press: ? - help, Shift-Dir - straight line, f/p - gnoll
Aim: a gnoll, wielding a +0 flail and wearing a +0 ring mail (heavily wounded)
You throw a javelin.
The javelin completely misses the gnoll.
The javelin barely misses the gnoll.
The gnoll hits you with a +0 flail!
* * * LOW HITPOINT WARNING * * *
You see here a +0 dagger.
Throwing (i - inventory)
l - 3 javelins (quivered)
Press: ? - help, Shift-Dir - straight line, f/p - gnoll
Aim: a gnoll, wielding a +0 flail and wearing a +0 ring mail (heavily wounded)
You throw a javelin. The javelin barely misses the gnoll. x2
The javelin closely misses the gnoll.
The gnoll misses you.
Unknown command.
Unknown command.
It was a potion of magic.
Magic courses through your body.
Unknown command.
It was a potion of cancellation.
You feel magically purged. The gnoll barely misses you.
The gnoll hits you with a +0 flail.
You die...

##.# #.#####.#
##.#### #.##..(.#
##....# #.##.#..#
#####.#####.#g.#..#
....((.(.g.g†.>#..#
....#..####.#..#..#
#..g((.####.#..#g.#
'...........#..#.g#
#..g.#.######..#@g#
'....#.# #..#..#
#....#.# #..#..#
###.##.# #..#..#
###.##.# #..####
....##.# #..#
######.######..#
...............#
######.#######.#


You could see 3 gnolls.

Vanquished Creatures
  A gnoll (D:1)
  2 dart slugs (D:1)
  A giant cockroach (D:1)
  3 goblins (D:2)
  5 hobgoblins
  6 jackals
  5 kobolds
  A quokka (D:2)
  A frilled lizard (D:2)
  A rat (D:1)
26 creatures vanquished.

Notes
Turn   | Place    | Note
-------+----------+-------------------------------------------
     0 | D:1      | Morbidden the Demonspawn Transmuter began the quest for the
                  | Orb.
     0 | D:1      | Reached XP level 1. HP: 15/15 MP: 3/3
   355 | D:1      | Gained mutation: Your flesh is cold resistant. (rC+)
                  | [demonic ancestry]
   355 | D:1      | Reached XP level 2. HP: 21/21 MP: 3/5
   444 | D:1      | HP: 1/21 [hobgoblin (2)]
   447 | D:1      | Reached skill level 3 in Unarmed Combat
   967 | D:2      | Mutation became permanent: You have sharp toenails.
                  | [demonic ancestry]
   967 | D:2      | Gained mutation: You have razor-sharp toenails. [demonic
                  | ancestry]
   967 | D:2      | Reached XP level 3. HP: 26/26 MP: 4/6
  1323 | D:2      | Learned a level 2 spell: Wereblood
  1399 | D:2      | Found a stormy altar of Qazlal.
  1401 | D:2      | Noticed a water elemental
  1402 | D:2      | Noticed an air elemental
  1402 | D:2      | Noticed an earth elemental
  1402 | D:2      | Noticed a fire elemental
  1786 | D:2      | Slain by a gnoll

Illustrated notes

Levels and vault maps discovered:
D:1:      dpeg_arrival_tiny_e, layout_rooms, kennysheep_crisscross,
          chequers_serial_rivers_small_a, st_stairs_5
D:2:      layout_basic, nicolae_qazlal_style_of_elements

Skill      XL: |  1  2 |
---------------+-------+-----
Transmutations | 2 |  2.4
Unarmed Combat | 3 |  3.2
Fighting       | |  1.4
Dodging        | |  1.9
Spellcasting   | |  2.3

Action                   || total
-------------------------++-------
Melee: Unarmed           ||    70
       Kick              ||     9
       Headbutt          ||    10
       Punch             ||     1
Throw: Javelin           ||     3
 Cast: Beastly Appendage ||    12
       Wereblood         ||     1
  Use: Potion            ||     2
Armor: Robe              ||    16
Dodge: Dodged            ||    39

Table legend: (Time is in decaauts)
 A = Elapsed time spent in this place.
 B = Non-inter-level travel time spent in this place.
 C = Inter-level travel time spent in this place.
 D = Time resting spent in this place.
 E = Time spent auto-exploring this place.
 F = Levels seen in this place.
 G = Mean time per level.
                   A        B        C        D        E       F      G
               +--------+--------+--------+--------+--------+-----+--------+
         Total |   1786 |   1695 |     91 |    176 |   1276 |   2 |  893.0 |
       Dungeon |   1786 |   1695 |     91 |    176 |   1276 |   2 |  893.0 |
               +--------+--------+--------+--------+--------+-----+--------+

Top non-repeatable levels by time:
     D:1: 1167 daAuts
     D:2: 618 daAuts
